[Event "Hungarian Rapid-ch 2022"]
[Site "Ajka"]
[Date "2022.07.16"]
[Round "6.26"]
[White "Nemeth, Zoltan"]
[Black "Juhasz, Zoltan"]
[Result "1-0"]
[ECO "A51"]
[WhiteElo "2242"]
[BlackElo "1985"]
[Annotator "ChessBase"]
[PlyCount "63"]
[EventDate "2022.07.15"]
[EventType "swiss"]
[EventCountry "HUN"]
[SourceTitle "playchess.com"]
[Source "ChessBase"]
[SourceQuality "1"]
[TimeControl "900+10"]

1. d4 Nf6 2. c4 e5 3. e3 exd4 4. exd4 d5 5. Nf3 Nc6 6. Nc3 Bg4 7. c5 Be7 8. a3 a5 9. Be3 O-O 10. Bd3 Qd7 11. h3 Bf5 12. Bb5 h6 13. Qa4 Qe6 14. O-O-O Ne4 15. Qb3 Nxc3 16. Qxc3 Nd8 17. Rhe1 c6 18. Bf1 Be4 19. Nd2 Bh7 20. Bf4 Qd7 21. Qg3 Bf6 22. Nf3 Kh8 23. Bd6 Rg8 24. Ne5 Qf5 25. Bd3 Qg5+ 26. Qxg5 Bxg5+ 27. Kc2 Bxd3+ 28. Rxd3 Kh7 29. g3 h5 30. Rf3 Bf6 31. Kd3 g6 32. Rxf6 1-0

[Event "Hungarian Rapid-ch 2022"]
[Site "Ajka"]
[Date "2022.07.16"]
[Round "6.27"]
[White "Szelenyi, Norbert"]
[Black "Kelemen, David"]
[Result "0-1"]
[ECO "A25"]
[WhiteElo "2277"]
[BlackElo "2136"]
[Annotator "ChessBase"]
[PlyCount "100"]
[EventDate "2022.07.15"]
[EventType "swiss"]
[EventCountry "HUN"]
[SourceTitle "playchess.com"]
[Source "ChessBase"]
[SourceQuality "1"]
[TimeControl "900+10"]

1. g3 g6 2. Bg2 Bg7 3. c4 e5 4. Nc3 Nc6 5. e3 f5 6. Nge2 Nf6 7. O-O O-O 8. Rb1 d6 9. b4 e4 10. f4 a5 11. a3 axb4 12. axb4 Be6 13. d3 d5 14. b5 exd3 15. bxc6 dxe2 16. Qxe2 bxc6 17. Rd1 Rf7 18. cxd5 cxd5 19. Qb5 Rd7 20. Ne2 Ne4 21. Nd4 Bxd4 22. Rxd4 Nc3 23. Qc6 Ne2+ 24. Kf1 Nxd4 25. exd4 Rd6 26. Qc5 Rb8 27. Ra1 Rdb6 28. Ra7 R8b7 29. Rxb7 Rxb7 30. Ba3 Rb1+ 31. Kf2 Bf7 32. Bf3 h6 33. h4 Kh7 34. Kg2 Rb6 35. Kh3 Rb3 36. Kg2 Qe8 37. Bc1 c6 38. Bd2 Rb7 39. Kh3 Rb5 40. Qd6 Qe6 41. Qc7 Rb2 42. Qa5 Qd6 43. Qc3 Ra2 44. Bc1 Be6 45. Bg2 g5 46. fxg5 f4+ 47. Kh2 fxg3+ 48. Kh1 Bf5 49. Qf3 Qe6 50. Be3 Rxg2 0-1

[Event "Hungarian Rapid-ch 2022"]
[Site "Ajka"]
[Date "2022.07.16"]
[Round "6.28"]
[White "Kozma, Karoly"]
[Black "Laszlo, Csaba"]
[Result "1/2-1/2"]
[ECO "A05"]
[WhiteElo "2213"]
[BlackElo "1957"]
[Annotator "ChessBase"]
[PlyCount "89"]
[EventDate "2022.07.15"]
[EventType "swiss"]
[EventCountry "HUN"]
[SourceTitle "playchess.com"]
[Source "ChessBase"]
[SourceQuality "1"]
[TimeControl "900+10"]

1. Nf3 Nf6 2. b3 e6 3. Bb2 b6 4. g3 Bb7 5. Bg2 Be7 6. O-O O-O 7. c4 d5 8. cxd5 Nxd5 9. d4 Nd7 10. Nbd2 c5 11. e4 N5f6 12. e5 Nd5 13. Nc4 cxd4 14. Qxd4 Bc5 15. Qg4 Rc8 16. Rfd1 b5 17. Nd6 Bxd6 18. exd6 N7f6 19. Qg5 h6 20. Qe5 Rc6 21. Nd4 Rb6 22. Rac1 a6 23. Bxd5 Bxd5 24. Nf5 exf5 25. Rxd5 Re8 26. Qd4 Re4 27. Qc3 Rxd6 28. Rxd6 Qxd6 29. Qc8+ Re8 30. Qxf5 Qe6 31. Qxe6 Rxe6 32. Rc8+ Kh7 33. Bxf6 Rxf6 34. Ra8 Kg6 35. Kg2 Kf5 36. Kf3 Ke5+ 37. Ke3 Kd5 38. Rc8 Kd6 39. f4 Kd7 40. Ra8 Kc7 41. Kd4 Kb7 42. Rf8 Kc6 43. Ra8 Kb7 44. Rf8 Kc6 45. Rg8 1/2-1/2

[Event "Hungarian Rapid-ch 2022"]
[Site "Ajka"]
[Date "2022.07.16"]
[Round "6.29"]
[White "Laszlo, Janos"]
[Black "Mihalyfi, Gabor"]
[Result "1-0"]
[ECO "A06"]
[WhiteElo "2214"]
[BlackElo "1972"]
[Annotator "ChessBase"]
[PlyCount "75"]
[EventDate "2022.07.15"]
[EventType "swiss"]
[EventCountry "HUN"]
[SourceTitle "playchess.com"]
[Source "ChessBase"]
[SourceQuality "1"]
[TimeControl "900+10"]

1. Nf3 d5 2. d4 e6 3. c4 dxc4 4. e3 Bb4+ 5. Bd2 c5 6. Bxc4 Nf6 7. Nc3 O-O 8. O-O cxd4 9. exd4 Nc6 10. a3 Bxc3 11. bxc3 a6 12. Re1 b5 13. Bd3 h6 14. Qc1 Qd5 15. Bxh6 Qh5 16. Bd2 Bb7 17. Rb1 Na5 18. Re5 Qh8 19. Rg5 Bxf3 20. gxf3 Rac8 21. Kh1 Nc4 22. Bf4 Nd5 23. Bg3 Qh6 24. f4 Qh3 25. Bf1 Qh7 26. f5 exf5 27. Bd3 Nd6 28. Bxd6 Rxc3 29. Qd2 Rfc8 30. Rbg1 g6 31. Bxf5 Rh3 32. Bxh3 Qxh3 33. R5g3 Qe6 34. Bc5 Qe4+ 35. f3 Qe6 36. Qh6 Nc3 37. Rxg6+ fxg6 38. Rxg6+ 1-0

[Event "Hungarian Rapid-ch 2022"]
[Site "Ajka"]
[Date "2022.07.16"]
[Round "6.30"]
[White "Kolimar, Kristof Pal"]
[Black "Szalanczi, Emil"]
[Result "1-0"]
[ECO "A05"]
[WhiteElo "2160"]
[BlackElo "2042"]
[Annotator "ChessBase"]
[PlyCount "73"]
[EventDate "2022.07.15"]
[EventType "swiss"]
[EventCountry "HUN"]
[SourceTitle "playchess.com"]
[Source "ChessBase"]
[SourceQuality "1"]
[TimeControl "900+10"]

1. Nf3 Nf6 2. c4 g6 3. g3 Bg7 4. Bg2 c5 5. d4 cxd4 6. Nxd4 Nc6 7. Nc3 O-O 8. Nc2 d6 9. O-O Ng4 10. Qd2 Bf5 11. h3 Nge5 12. Ne3 Be6 13. b3 Qc8 14. Kh2 Re8 15. Bb2 Nd4 16. Ncd5 Nec6 17. Nd1 Bd7 18. e3 Nf5 19. Bxg7 Kxg7 20. Qb2+ e5 21. N1c3 h5 22. Ne4 Qd8 23. Rfd1 Re6 24. Rac1 f6 25. c5 Qf8 26. cxd6 Nxd6 27. Nc7 Rae8 28. Nxe6+ Rxe6 29. Nc5 Bc8 30. Nxe6+ Bxe6 31. Bxc6 Nf7 32. Bg2 Qb4 33. Qd2 Qa3 34. Rc7 h4 35. Qd6 hxg3+ 36. fxg3 Qxa2 37. Qxe6 1-0

[Event "Hungarian Rapid-ch 2022"]
[Site "Ajka"]
[Date "2022.07.16"]
[Round "7.1"]
[White "Gledura, Benjamin"]
[Black "Balog, Imre"]
[Result "1/2-1/2"]
[ECO "D11"]
[WhiteElo "2637"]
[BlackElo "2594"]
[Annotator "ChessBase"]
[PlyCount "77"]
[EventDate "2022.07.15"]
[EventType "swiss"]
[EventCountry "HUN"]
[SourceTitle "playchess.com"]
[Source "ChessBase"]
[SourceQuality "1"]
[TimeControl "900+10"]

1. d4 d5 2. c4 c6 3. Nf3 Nf6 4. e3 g6 5. Nc3 Bg7 6. Be2 O-O 7. O-O a6 8. a4 a5 9. cxd5 cxd5 10. Bd2 Nc6 11. Ne5 Nxe5 12. dxe5 Ne4 13. Nxe4 dxe4 14. Bc3 Qc7 15. Qd5 Bf5 16. Rac1 Rfd8 17. Bd4 Rxd5 18. Rxc7 Bxe5 19. Bxe5 Rxe5 20. Rxb7 Rc8 21. Rb5 Rxb5 22. Bxb5 Rc2 23. h3 Rxb2 24. Rd1 h5 25. h4 Kg7 26. Rd8 Kf6 27. Ra8 g5 28. hxg5+ Kxg5 29. Rxa5 Rb1+ 30. Kh2 Rb2 31. Bc6 Kf6 32. f3 exf3 33. Bxf3 Bg4 34. Kg3 Rb3 35. e4 e5 36. Ra8 Ra3 37. a5 Kg5 38. Rg8+ Kf6 39. Ra8 1/2-1/2

[Event "Hungarian Rapid-ch 2022"]
[Site "Ajka"]
[Date "2022.07.16"]
[Round "7.2"]
[White "Berkes, Ferenc"]
[Black "Csiszar, Csaba"]
[Result "1-0"]
[ECO "E56"]
[WhiteElo "2649"]
[BlackElo "2389"]
[Annotator "ChessBase"]
[PlyCount "69"]
[EventDate "2022.07.15"]
[EventType "swiss"]
[EventCountry "HUN"]
[SourceTitle "playchess.com"]
[Source "ChessBase"]
[SourceQuality "1"]
[TimeControl "900+10"]

1. d4 Nf6 2. c4 e6 3. Nc3 Bb4 4. e3 c5 5. Bd3 d5 6. Nf3 Nc6 7. O-O O-O 8. cxd5 exd5 9. dxc5 Bg4 10. Na4 Qe7 11. a3 Ba5 12. b4 Bc7 13. Bb2 Rad8 14. Be2 Rfe8 15. b5 Na5 16. Bd4 Ne4 17. b6 axb6 18. cxb6 Bb8 19. Nc3 Rd6 20. g3 Nc6 21. Rc1 Red8 22. Nb5 Rh6 23. Nc7 Qxa3 24. Ne5 Bxe2 25. Qxe2 Nxd4 26. exd4 Rxb6 27. Nxd5 Rbd6 28. Ne7+ Kf8 29. Nf5 Nf6 30. Nxd6 Qxd6 31. Rfd1 Qe6 32. Qb5 Ba7 33. Qxb7 Bxd4 34. Qb4+ Qd6 35. Rxd4 1-0

[Event "Hungarian Rapid-ch 2022"]
[Site "Ajka"]
[Date "2022.07.16"]
[Round "7.3"]
[White "Czebe, Attila"]
[Black "Hera, Imre Jr."]
[Result "1/2-1/2"]
[ECO "A04"]
[WhiteElo "2385"]
[BlackElo "2568"]
[Annotator "ChessBase"]
[PlyCount "36"]
[EventDate "2022.07.15"]
[EventType "swiss"]
[EventCountry "HUN"]
[SourceTitle "playchess.com"]
[Source "ChessBase"]
[SourceQuality "1"]
[TimeControl "900+10"]

1. Nf3 c5 2. b3 d6 3. d4 cxd4 4. Qxd4 Nc6 5. Qd2 Nf6 6. Bb2 g6 7. c4 Bg7 8. Nc3 O-O 9. e3 b6 10. Be2 Bb7 11. O-O Rc8 12. Rac1 Nb8 13. Nd4 Nbd7 14. Bf3 Bxf3 15. Nxf3 Nc5 16. Rfd1 Qd7 17. Nd5 Nce4 18. Qe2 Nxd5 1/2-1/2

[Event "Hungarian Rapid-ch 2022"]
[Site "Ajka"]
[Date "2022.07.16"]
[Round "7.4"]
[White "Horvath, Adam"]
[Black "Prohaszka, Peter"]
[Result "1/2-1/2"]
[ECO "B15"]
[WhiteElo "2520"]
[BlackElo "2570"]
[Annotator "ChessBase"]
[PlyCount "142"]
[EventDate "2022.07.15"]
[EventType "swiss"]
[EventCountry "HUN"]
[SourceTitle "playchess.com"]
[Source "ChessBase"]
[SourceQuality "1"]
[TimeControl "900+10"]

1. e4 c6 2. d4 d5 3. Nc3 dxe4 4. Nxe4 Nf6 5. Nxf6+ exf6 6. c3 Bd6 7. Bd3 O-O 8. Qc2 Re8+ 9. Ne2 h5 10. O-O h4 11. Bf4 Na6 12. h3 Nc7 13. Qd2 Nd5 14. Bxd6 Qxd6 15. Rfe1 Bd7 16. Rad1 a5 17. c4 Ne7 18. Nc3 Rad8 19. b3 Bc8 20. d5 f5 21. Qg5 Qf6 22. Qxf6 gxf6 23. Be2 Ng6 24. d6 Re6 25. c5 Re5 26. Na4 Be6 27. Rd4 Nf8 28. f4 Rd5 29. Red1 Rxd4 30. Rxd4 Bd5 31. Bf3 Bxf3 32. gxf3 Nd7 33. b4 Ra8 34. bxa5 Rxa5 35. Nb6 Nxb6 36. cxb6 Ra8 37. d7 Rd8 38. a4 Kf8 39. a5 Ke7 40. a6 bxa6 41. b7 c5 42. Rd5 a5 43. Rxc5 Rg8+ 44. Kf2 Kxd7 45. Rxa5 Rb8 46. Rb5 Kc7 47. Rxf5 Rxb7 48. Rxf6 Rb2+ 49. Ke3 Rh2 50. f5 Rxh3 51. Rxf7+ Kd8 52. Rh7 Ke8 53. Kf4 Kf8 54. f6 Kg8 55. Rg7+ Kf8 56. Ra7 Rg3 57. Rh7 Rh3 58. Ke4 Rg3 59. Rxh4 Kf7 60. Rh6 Rg5 61. Kf4 Ra5 62. Kg4 Rb5 63. Kf4 Ra5 64. Kg4 Rb5 65. Rh5 Rb4+ 66. f4 Kxf6 67. Rh6+ Kg7 68. Ra6 Rb5 69. f5 Rb1 70. Ra7+ Kf6 71. Ra6+ Kf7 1/2-1/2

[Event "Hungarian Rapid-ch 2022"]
[Site "Ajka"]
[Date "2022.07.16"]
[Round "7.5"]
[White "Kozak, Adam"]
[Black "Leviczky, Tibor"]
[Result "1-0"]
[ECO "B41"]
[WhiteElo "2522"]
[BlackElo "2281"]
[Annotator "ChessBase"]
[PlyCount "159"]
[EventDate "2022.07.15"]
[EventType "swiss"]
[EventCountry "HUN"]
[SourceTitle "playchess.com"]
[Source "ChessBase"]
[SourceQuality "1"]
[TimeControl "900+10"]

1. e4 c5 2. Nf3 e6 3. d4 cxd4 4. Nxd4 a6 5. g3 Nf6 6. Bg2 Qc7 7. O-O Be7 8. Qe2 d6 9. c4 O-O 10. Nc3 Bd7 11. Rd1 Nc6 12. Nxc6 Bxc6 13. b3 Rac8 14. Bb2 Rfe8 15. Rac1 Qb8 16. a4 b6 17. Ba3 Nd7 18. Qc2 a5 19. Re1 Bf6 20. Rcd1 Nc5 21. Nb5 Red8 22. Bc1 h6 23. h3 Ba8 24. Kh2 Na6 25. Qb1 Nc5 26. Re2 Bc6 27. Red2 Be7 28. Qc2 Bf8 29. Bb2 Bxb5 30. axb5 Qc7 31. Bc3 Qe7 32. f4 Rd7 33. h4 Rcd8 34. h5 Rc8 35. Bf3 Rcd8 36. Kg2 Rc8 37. Re2 Rdd8 38. Red2 Rd7 39. Qa2 Rdd8 40. Bd4 Qc7 41. Ba1 Qe7 42. Qc2 Rd7 43. Bd4 Rdd8 44. Be3 Rd7 45. Bf2 Rdd8 46. Re2 f6 47. Bg4 Qf7 48. Red2 Qe7 49. Bf3 Kh8 50. Re2 Kg8 51. Rde1 Kh8 52. Qd1 Kg8 53. Qb1 Kh8 54. Qc2 Kg8 55. Rd1 Kh8 56. Qa2 Kg8 57. Qb1 Kh8 58. Qc2 Kg8 59. e5 dxe5 60. Rxd8 Rxd8 61. fxe5 f5 62. Be3 Qf7 63. Bf2 Rd7 64. Be3 Rd8 65. Bg1 Rd7 66. Be3 Rd8 67. Bf2 Rd7 68. Re3 Rd8 69. g4 fxg4 70. Bxg4 Rd4 71. Rg3 Rd8 72. Qg6 Re8 73. Rf3 Qd7 74. Kh3 Qe7 75. Bxc5 bxc5 76. Rd3 Qf7 77. Kg2 Qb7+ 78. Bf3 Qc8 79. b6 Qb8 80. b7 1-0

[Event "Hungarian Rapid-ch 2022"]
[Site "Ajka"]
[Date "2022.07.16"]
[Round "7.6"]
[White "Jakab, Attila"]
[Black "Kaczur, Florian"]
[Result "1/2-1/2"]
[ECO "A40"]
[WhiteElo "2311"]
[BlackElo "2482"]
[Annotator "ChessBase"]
[PlyCount "89"]
[EventDate "2022.07.15"]
[EventType "swiss"]
[EventCountry "HUN"]
[SourceTitle "playchess.com"]
[Source "ChessBase"]
[SourceQuality "1"]
[TimeControl "900+10"]

1. d4 g6 2. c4 Bg7 3. e4 e6 4. Nc3 Ne7 5. h4 h6 6. h5 g5 7. f4 gxf4 8. Bxf4 d5 9. e5 b6 10. Nf3 Bb7 11. c5 bxc5 12. dxc5 Nd7 13. Na4 Nc6 14. Bb5 f6 15. Bxc6 Bxc6 16. Nd4 Bxa4 17. Qxa4 Qe7 18. Qc6 fxe5 19. Qxa8+ Kf7 20. Qxa7 exf4 21. O-O-O Qxc5+ 22. Qxc5 Nxc5 23. Rhf1 e5 24. Nf5 c6 25. g3 Bf6 26. gxf4 e4 27. Rf2 Nd3+ 28. Rxd3 exd3 29. Rd2 Ke6 30. Ne3 Rb8 31. b3 Rb4 32. f5+ Kd6 33. Rxd3 Rh4 34. a4 Rxh5 35. b4 d4 36. Ng4 Bg5+ 37. Kc2 Kd5 38. a5 Be7 39. a6 Rg5 40. f6 Bxb4 41. f7 Kc4 42. a7 Ra5 43. Ne5+ Kd5 44. Rxd4+ Kxd4 45. Nxc6+ 1/2-1/2

[Event "Hungarian Rapid-ch 2022"]
[Site "Ajka"]
[Date "2022.07.16"]
[Round "7.7"]
[White "Vertetics, Attila"]
[Black "Hoang, Thanh Trang"]
[Result "1-0"]
[ECO "A40"]
[WhiteElo "2465"]
[BlackElo "2376"]
[Annotator "ChessBase"]
[PlyCount "107"]
[EventDate "2022.07.15"]
[EventType "swiss"]
[EventCountry "HUN"]
[SourceTitle "playchess.com"]
[Source "ChessBase"]
[SourceQuality "1"]
[TimeControl "900+10"]

1. d4 e6 2. Nf3 f5 3. g3 Nf6 4. Bg2 d5 5. O-O Bd6 6. Bf4 Bxf4 7. gxf4 O-O 8. Nbd2 Bd7 9. c4 c6 10. Qb3 Qc7 11. Ne5 Be8 12. Rac1 Qe7 13. e3 Na6 14. a3 Rb8 15. Rfe1 Nc7 16. Qc3 dxc4 17. Qxc4 Ncd5 18. Qc5 Qxc5 19. dxc5 Bh5 20. Ndc4 Rfd8 21. f3 Nd7 22. b4 Nxe5 23. Nxe5 Nf6 24. Bf1 Kf8 25. Kf2 Rd2+ 26. Re2 Rbd8 27. Ke1 Rxe2+ 28. Bxe2 Nd5 29. Kf2 Ke7 30. Nc4 Kd7 31. Rg1 Rg8 32. Ne5+ Kc7 33. Bc4 Be8 34. Ke2 Kd8 35. Kd3 Ke7 36. Kd4 Kf6 37. h4 h6 38. Bb3 a6 39. Nc4 Bh5 40. Rg3 Rd8 41. Nd6 Nc7 42. e4 Nb5+ 43. Ke3 Nxa3 44. e5+ Ke7 45. Rxg7+ Kf8 46. Rxb7 Nb5 47. Bxe6 Nxd6 48. cxd6 Bg6 49. Kd4 Ra8 50. Kc5 a5 51. bxa5 Rxa5+ 52. Kxc6 Ra6+ 53. Rb6 Ra3 54. Rb8+ 1-0

[Event "Hungarian Rapid-ch 2022"]
[Site "Ajka"]
[Date "2022.07.16"]
[Round "7.8"]
[White "Straubinger, Daniel"]
[Black "Antal, Gergely"]
[Result "0-1"]
[ECO "B10"]
[WhiteElo "2349"]
[BlackElo "2571"]
[Annotator "ChessBase"]
[PlyCount "76"]
[EventDate "2022.07.15"]
[EventType "swiss"]
[EventCountry "HUN"]
[SourceTitle "playchess.com"]
[Source "ChessBase"]
[SourceQuality "1"]
[TimeControl "900+10"]

1. e4 c6 2. Nc3 d5 3. Nf3 dxe4 4. Nxe4 Nf6 5. Qe2 Nxe4 6. Qxe4 Nd7 7. Bc4 Nf6 8. Ne5 e6 9. Qe2 b5 10. Bb3 Qc7 11. d4 Bd6 12. c3 O-O 13. Bg5 Nd5 14. Bd2 c5 15. Nf3 a6 16. O-O Bb7 17. h3 cxd4 18. Nxd4 Rae8 19. a4 b4 20. c4 Nf4 21. Bxf4 Bxf4 22. Bc2 g6 23. Nf3 f5 24. Rad1 e5 25. c5 Qxc5 26. Bb3+ Kh8 27. Rfe1 e4 28. Nd4 Rf6 29. Nc2 Rd6 30. Rxd6 Bxd6 31. Ne3 f4 32. Nc4 Bc7 33. Rd1 Bc6 34. Qd2 e3 35. Qe2 f3 36. gxf3 Qg5+ 37. Kh1 Qf4 38. fxe3 Bxf3+ 0-1

[Event "Hungarian Rapid-ch 2022"]
[Site "Ajka"]
[Date "2022.07.16"]
[Round "7.9"]
[White "Papp, Levente"]
[Black "Aczel, Gergely"]
[Result "0-1"]
[ECO "A06"]
[WhiteElo "2394"]
[BlackElo "2499"]
[Annotator "ChessBase"]
[PlyCount "114"]
[EventDate "2022.07.15"]
[EventType "swiss"]
[EventCountry "HUN"]
[SourceTitle "playchess.com"]
[Source "ChessBase"]
[SourceQuality "1"]
[TimeControl "900+10"]

1. Nf3 d5 2. g3 c6 3. Bg2 Bg4 4. O-O e6 5. h3 Bh5 6. d3 Nf6 7. Nbd2 Be7 8. e4 O-O 9. Qe2 a5 10. Rd1 h6 11. Nf1 Nbd7 12. g4 Bg6 13. Ng3 a4 14. Bf4 Qb6 15. c3 dxe4 16. dxe4 Nc5 17. Ne5 Bh7 18. h4 Rad8 19. g5 hxg5 20. hxg5 Nfd7 21. Nxd7 Rxd7 22. Rxd7 Nxd7 23. Rd1 Rd8 24. Be3 Qc7 25. b3 Nf8 26. Rxd8 Qxd8 27. Qd2 Qxd2 28. Bxd2 axb3 29. axb3 f6 30. gxf6 gxf6 31. Kf1 Kf7 32. Ke2 Bd6 33. f4 Ng6 34. Nh5 Nh4 35. Bh1 Bg6 36. Ng3 Ke7 37. b4 Bf7 38. e5 fxe5 39. fxe5 Bxe5 40. Bg5+ Bf6 41. Bxf6+ Kxf6 42. Ne4+ Ke7 43. Nc5 Bh5+ 44. Kf2 b6 45. Na4 b5 46. Nb2 Kd6 47. c4 Bg6 48. cxb5 cxb5 49. Nd1 Bd3 50. Ke3 Bc4 51. Be4 Ke5 52. Nf2 Nf5+ 53. Bxf5 exf5 54. Nh3 Bd5 55. Nf4 Be4 56. Ne2 Kd5 57. Nc3+ Kc4 0-1

[Event "Hungarian Rapid-ch 2022"]
[Site "Ajka"]
[Date "2022.07.16"]
[Round "7.10"]
[White "Egresi, Mate"]
[Black "Bagi, Mate"]
[Result "1/2-1/2"]
[ECO "A46"]
[WhiteElo "2376"]
[BlackElo "2460"]
[Annotator "ChessBase"]
[PlyCount "27"]
[EventDate "2022.07.15"]
[EventType "swiss"]
[EventCountry "HUN"]
[SourceTitle "playchess.com"]
[Source "ChessBase"]
[SourceQuality "1"]
[TimeControl "900+10"]

1. d4 Nf6 2. Nf3 c5 3. e3 g6 4. b3 Bg7 5. Bb2 Ne4 6. Be2 d5 7. O-O Nc6 8. c4 O-O 9. Nc3 Nxc3 10. Bxc3 Bg4 11. h3 Bxf3 12. Bxf3 cxd4 13. exd4 e6 14. cxd5 1/2-1/2

[Event "Hungarian Rapid-ch 2022"]
[Site "Ajka"]
[Date "2022.07.16"]
[Round "7.11"]
[White "Korpa, Bence"]
[Black "Krstulovic, Alex"]
[Result "1/2-1/2"]
[ECO "A45"]
[WhiteElo "2537"]
[BlackElo "2413"]
[Annotator "ChessBase"]
[PlyCount "77"]
[EventDate "2022.07.15"]
[EventType "swiss"]
[EventCountry "HUN"]
[SourceTitle "playchess.com"]
[Source "ChessBase"]
[SourceQuality "1"]
[TimeControl "900+10"]

1. d4 Nf6 2. Nc3 e6 3. Bf4 d5 4. Nb5 Na6 5. e3 c6 6. Nc3 Bb4 7. Bxa6 Bxc3+ 8. bxc3 bxa6 9. Nf3 a5 10. Ne5 Ba6 11. f3 Nh5 12. Bg3 c5 13. Kf2 Rc8 14. Nd3 cxd4 15. cxd4 Bxd3 16. Qxd3 Rc4 17. Rab1 O-O 18. Rb8 Qe7 19. Rhb1 Nxg3 20. hxg3 Qc7 21. Rxf8+ Kxf8 22. Qa3+ Ke8 23. Kg1 f6 24. Kh2 Kf7 25. Rb5 a4 26. Qb2 Rxc2 27. Qb1 Qc6 28. Rb7+ Kg8 29. Rxa7 h5 30. Qb8+ Kh7 31. Qb1 Qc3 32. Qb7 Rxg2+ 33. Kxg2 Qc2+ 34. Kh3 Qf5+ 35. Kg2 Qc2+ 36. Kf1 Qd1+ 37. Kf2 Qd2+ 38. Kf1 Qd1+ 39. Kf2 1/2-1/2

[Event "Hungarian Rapid-ch 2022"]
[Site "Ajka"]
[Date "2022.07.16"]
[Round "7.12"]
[White "Balint, Vilmos"]
[Black "Csonka, Balazs"]
[Result "0-1"]
[ECO "A05"]
[WhiteElo "2283"]
[BlackElo "2495"]
[Annotator "ChessBase"]
[PlyCount "80"]
[EventDate "2022.07.15"]
[EventType "swiss"]
[EventCountry "HUN"]
[SourceTitle "playchess.com"]
[Source "ChessBase"]
[SourceQuality "1"]
[TimeControl "900+10"]

1. Nf3 Nf6 2. g3 d5 3. Bg2 c5 4. c4 d4 5. b4 a5 6. bxc5 Nc6 7. d3 e5 8. Na3 Bxc5 9. Nb5 h6 10. O-O O-O 11. Rb1 Re8 12. Nd2 Bf5 13. Qa4 e4 14. Ba3 Nb4 15. Nb3 b6 16. Rbd1 exd3 17. exd3 Rc8 18. Bxb4 axb4 19. Qa6 Nd7 20. Bd5 Ne5 21. Rfe1 Nxd3 22. Rxe8+ Qxe8 23. Qb7 Qe2 24. Qxf7+ Kh8 25. Qxf5 Qxd1+ 26. Kg2 Rf8 27. Bf7 Ne1+ 28. Kh3 Nf3 29. Nxc5 bxc5 30. Nd6 d3 31. Qd5 d2 32. Bh5 Qf1+ 33. Kg4 d1=Q 34. Nf7+ Rxf7 35. Qa8+ Kh7 36. Qe4+ Kg8 37. Bxf7+ Kxf7 38. Qf5+ Ke7 39. Qxc5+ Qd6 40. Qa7+ Qd7+ 0-1

[Event "Hungarian Rapid-ch 2022"]
[Site "Ajka"]
[Date "2022.07.16"]
[Round "7.13"]
[White "Horvath, Csaba"]
[Black "Benedek, Istvan"]
[Result "1-0"]
[ECO "A05"]
[WhiteElo "2506"]
[BlackElo "2059"]
[Annotator "ChessBase"]
[PlyCount "62"]
[EventDate "2022.07.15"]
[EventType "swiss"]
[EventCountry "HUN"]
[SourceTitle "playchess.com"]
[Source "ChessBase"]
[SourceQuality "1"]
[TimeControl "900+10"]

1. Nf3 Nf6 2. c4 g6 3. b3 Bg7 4. Bb2 b6 5. g3 Bb7 6. Bg2 O-O 7. O-O d6 8. d4 Nbd7 9. d5 Nc5 10. Nd4 a5 11. Nc3 Qd7 12. a3 e5 13. Ndb5 Ne8 14. e4 f5 15. exf5 gxf5 16. b4 Na6 17. Qb3 f4 18. Ne4 Nf6 19. Nbc3 Nxe4 20. Nxe4 Qg4 21. f3 Qc8 22. Ng5 fxg3 23. hxg3 Bh6 24. Ne6 Rf6 25. f4 Rxe6 26. Bh3 Qd8 27. Bxe6+ Kh8 28. fxe5 Qg5 29. exd6+ Bg7 30. Rf7 Be5 31. Rf5 Qd8 1-0

[Event "Hungarian Rapid-ch 2022"]
[Site "Ajka"]
[Date "2022.07.16"]
[Round "7.14"]
[White "Nagy, Kristof"]
[Black "Varga, Zoltan"]
[Result "0-1"]
[ECO "D02"]
[WhiteElo "2162"]
[BlackElo "2401"]
[Annotator "ChessBase"]
[PlyCount "118"]
[EventDate "2022.07.15"]
[EventType "swiss"]
[EventCountry "HUN"]
[SourceTitle "playchess.com"]
[Source "ChessBase"]
[SourceQuality "1"]
[TimeControl "900+10"]

1. d4 d5 2. Nf3 c6 3. Bf4 Qb6 4. Qc1 Bg4 5. Nbd2 Nd7 6. e3 Ngf6 7. Be2 e6 8. O-O c5 9. c3 Be7 10. h3 Bh5 11. Re1 Rc8 12. a4 Bd6 13. a5 Qc7 14. Bxd6 Qxd6 15. Qd1 O-O 16. Qb3 Rc7 17. Qa3 h6 18. Bb5 Bxf3 19. Nxf3 Ne4 20. Red1 Ndf6 21. dxc5 Qxc5 22. Qxc5 Rxc5 23. Bf1 Nd6 24. Ne5 Rfc8 25. Rd4 Kf8 26. Rb4 Ke7 27. f3 R5c7 28. Kf2 Nfe8 29. g4 g5 30. Be2 f6 31. Nd3 Nc4 32. Ne1 Ne5 33. Nc2 Nd6 34. Nd4 Rc5 35. Rba4 Rh8 36. R4a3 Nd7 37. a6 b6 38. Rg1 Ne5 39. b4 Rc7 40. Nb5 Nxb5 41. Bxb5 h5 42. f4 Nf7 43. Kf3 hxg4+ 44. hxg4 Rh3+ 45. Rg3 Rh1 46. Ke2 Rh2+ 47. Kd1 Rf2 48. Rh3 gxf4 49. exf4 Rxf4 50. Be2 Ng5 51. Rh8 Rf2 52. Rb8 Kd6 53. Rd8+ Ke5 54. Ke1 Rh2 55. Rb8 Rh1+ 56. Kf2 Ne4+ 57. Kg2 Rch7 58. Rb7 R7h2+ 59. Kf3 Rf2+ 0-1

[Event "Hungarian Rapid-ch 2022"]
[Site "Ajka"]
[Date "2022.07.16"]
[Round "7.15"]
[White "Mihok, Oliver"]
[Black "Gombocz, Ferenc Jr."]
[Result "1/2-1/2"]
[ECO "C60"]
[WhiteElo "2549"]
[BlackElo "2229"]
[Annotator "ChessBase"]
[PlyCount "134"]
[EventDate "2022.07.15"]
[EventType "swiss"]
[EventCountry "HUN"]
[SourceTitle "playchess.com"]
[Source "ChessBase"]
[SourceQuality "1"]
[TimeControl "900+10"]

1. e4 e5 2. Nf3 Nc6 3. Bb5 g6 4. d4 exd4 5. Bg5 Be7 6. Bxe7 Qxe7 7. Bxc6 dxc6 8. Qxd4 Nf6 9. Nc3 Bg4 10. Nd2 c5 11. Qe3 O-O-O 12. f3 Be6 13. O-O-O b6 14. h4 h5 15. Qg5 Rhe8 16. Rhe1 Nd7 17. Qg3 a6 18. Nf1 Nf6 19. Ne3 Rxd1+ 20. Rxd1 Rd8 21. Re1 Qd7 22. Rd1 Qe7 23. Rxd8+ Qxd8 24. Qg5 Nd7 25. f4 Qxg5 26. hxg5 Nf8 27. Kd2 c6 28. Ke2 Bd7 29. Nc4 Kc7 30. Ke3 Be6 31. Ne5 Nd7 32. Nf3 Bg4 33. Nh2 Be6 34. Nf1 Bg4 35. Kf2 Nf8 36. Ne3 Bd7 37. Ne2 b5 38. Kf3 Ne6 39. c3 a5 40. a3 a4 41. Ng1 c4 42. Ne2 Nc5 43. f5 Nd3 44. Nf4 Nxb2 45. fxg6 fxg6 46. Nxg6 Nd3 47. Nf4 Ne5+ 48. Ke2 Be8 49. Nf5 Kd7 50. Ng7 Bg6 51. Ke3 Ng4+ 52. Kd4 Kd6 53. Nf5+ Bxf5 54. exf5 c5+ 55. Ke4 b4 56. cxb4 cxb4 57. Nd5 bxa3 58. Nc3 Nf2+ 59. Kd4 Nd1 60. Kxc4 Ne3+ 61. Kb4 Nxf5 62. Kxa3 Ke6 63. Kxa4 Ne3 64. g3 Kf5 65. Ne2 Kxg5 66. Nf4 Nf5 67. Nxh5 Kxh5 1/2-1/2

[Event "Hungarian Rapid-ch 2022"]
[Site "Ajka"]
[Date "2022.07.16"]
[Round "7.16"]
[White "Tolnai, Tibor"]
[Black "Kassay, Krisztian"]
[Result "0-1"]
[ECO "B07"]
[WhiteElo "2433"]
[BlackElo "2157"]
[Annotator "ChessBase"]
[PlyCount "89"]
[EventDate "2022.07.15"]
[EventType "swiss"]
[EventCountry "HUN"]
[SourceTitle "playchess.com"]
[Source "ChessBase"]
[SourceQuality "1"]
[TimeControl "900+10"]

1. e4 d6 2. d4 Nf6 3. Nc3 Nbd7 4. Be3 e5 5. f3 Be7 6. Qd2 c6 7. O-O-O O-O 8. g4 b5 9. Kb1 a5 10. h4 a4 11. Nce2 Qa5 12. Qxa5 Rxa5 13. Ng3 exd4 14. Bxd4 Ne5 15. g5 Ne8 16. Be2 c5 17. Be3 Nc7 18. Bd2 Ra7 19. f4 Nc6 20. Nf3 Bg4 21. Nd4 Nxd4 22. Bxg4 b4 23. Be3 Ncb5 24. Nf5 Nxf5 25. exf5 a3 26. Be2 Nc7 27. Bc4 axb2 28. Rhe1 d5 29. Bxd5 Nxd5 30. Rxd5 Rfa8 31. Bxc5 Bxc5 32. Rxc5 Rxa2 33. Re8+ Rxe8 34. Kxa2 Kf8 35. Rc4 b3+ 36. cxb3 Re2 37. b4 Ke7 38. b5 Kd6 39. Rc6+ Kd7 40. f6 g6 41. Rc4 Re6 42. Kxb2 Rb6 43. Rc5 Kd6 44. Re5 Rb7 45. Kb3 0-1